 Dungeon Crawl Stone Soup version 0.23.1 (webtiles) character file.

Game seed: 8720139597131923869

25 Kairos the Sneak (level 3, -11/18 HPs)
             Began as a Vine Stalker Assassin on Mar 7, 2019.
             Mangled by a gnoll
             ... wielding a +0 halberd
              (12 damage)
             ... on level 2 of the Dungeon.
             The game lasted 00:01:26 (934 turns).

Kairos the Sneak (Vine Stalker Assassin)             Turns: 934, Time: 00:01:27

Health: -11/18     AC:  7    Str: 13    XL:     3   Next: 4%
Magic:  0/4        EV:  5    Int: 11    God:
Gold:   30         SH:  0    Dex: 16    Spells: 2/2 levels left

rFire    + . .     SeeInvis .   a - +2 dagger
rCold    . . .     Gourm    .   (no shield)
rNeg     . . .     Faith    .   l - +1 ring mail {rF+}
rPois    .         Spirit   +   (no helmet)
rElec    .         Reflect  .   d - +0 cloak
rCorr    .         Harm     .   (no gloves)
MR       +....                  (no boots)
Stlth    +++.......             (no amulet)
HPRegen  0.06/turn              i - ring of protection from magic
MPRegen  0.09/turn              (no ring)

@: held
A: fangs 2, magic shield, antimagic bite, no potion heal 3, rot immunity
a: no special abilities


You were on level 2 of the Dungeon.
You were not hungry.

You visited 1 branch of the dungeon, and saw 2 of its levels.

You collected 30 gold pieces.

Inventory:

Hand Weapons
 a - a +2 dagger (weapon)
 b - a +0 blowgun
Missiles
 e - 23 poisoned needles
 f - 2 curare-tipped needles
Armour
 c - a +0 robe
 d - a +0 cloak (worn)
 j - a +0 leather armour
 l - a +1 ring mail of fire resistance (worn)
Jewellery
 i - a ring of protection from magic (left hand)
Scrolls
 m - a scroll of fear {unknown}
 n - a scroll of amnesia {unknown}
 p - a scroll of identify {unknown}
 q - a scroll of enchant armour {unknown}
Potions
 h - 2 potions of curing {unknown}
 k - a potion of haste {unknown}
 o - a potion of magic {unknown}
Comestibles
 g - 3 rations


   Skills:
 + Level 2.1 Fighting
 + Level 2.0 Short Blades
 + Level 1.8 Throwing
 + Level 0.7 Dodging
 * Level 5.6 Stealth


You had 2 spell levels left.
You didn't know any spells.
Your spell library was empty.

Dungeon Overview and Level Annotations

Branches:
Dungeon (2/15)

Altars:
Dithmenos


Innate Abilities, Weirdness & Mutations

You have extremely sharp teeth.
When hurt, damage is shared between your health and your magic reserves.
Your bite disrupts and absorbs the magic of your enemies.
Potions cannot restore your health.
You are immune to rotting.


Message History

The gnoll is severely wounded.
The bat barely misses you. The bat closely misses you.
The gnoll hits you but does no damage. The gnoll barely misses you.
You barely miss the gnoll. You bite the gnoll, but do no damage.
The gnoll is severely wounded.
The bat closely misses you. The gnoll closely misses you.
The gnoll hits you from afar with a +0 spear.
The gnoll hits you.
Unknown command.
The bat hits you.
The gnoll hits you from afar with a +0 halberd!
* * * LOW HITPOINT WARNING * * *
The gnoll throws a throwing net.
The throwing net hits you.
You become entangled in the net!
You see here a throwing net.
You struggle against the net.
The bat hits you but does no damage. The gnoll hits you but does no damage.
The gnoll hits you from afar with a +0 halberd!
Ouch! That really hurt!
You die...

$... ## ..### .#. .#
...... ..#....# #....##
##... ..# #...... ....
#.###. #.#.... #.###.###_
+.##... ###.###.....#
#.#.... ....wggb@..%#
#.....†
.....gg.#...###+###.#....
......g.##.....[....#....
......r.#######..####....
........# ##.........
........# ######....
........# #.... ........#
#####


You could see a worm, 3 gnolls, a hobgoblin, a goblin, a bat and a rat.

Vanquished Creatures
  A leopard gecko (D:1)
  A ball python (D:1)
  8 goblins
  5 hobgoblins (D:1)
  2 bats (D:1)
  2 frilled lizards (D:1)
  3 rats (D:1)
22 creatures vanquished.

Notes
Turn   | Place    | Note
-------+----------+-------------------------------------------
     0 | D:1      | Kairos the Vine Stalker Assassin began the quest for the
                  | Orb.
     0 | D:1      | Reached XP level 1. HP: 11/11 MP: 2/2
    37 | D:1      | Reached skill level 5 in Stealth
   174 | D:1      | Reached XP level 2. HP: 15/15 MP: 1/3
   670 | D:1      | Reached XP level 3. HP: 18/18 MP: 4/4
   925 | D:2      | Found a shadowy altar of Dithmenos.
   934 | D:2      | Mangled by a gnoll

Skill      XL: |  1  2 |
---------------+-------+-----
Stealth        | 5 |  5.6
Short Blades   | 2 |  2.0
Fighting       | 2 |  2.1
Throwing       | |  1.8
Dodging        | |  0.7

Action                   || total
-------------------------++-------
Melee: Dagger            ||    46
       Bite              ||     9
 Stab: Sleeping          ||     9
Armor: Robe              ||     8
       Ring mail         ||     9
Dodge: Dodged            ||    35
